 Dungeon Crawl Stone Soup version 0.30-a0-591-g3c58d2bc28 (webtiles) character file.

Game seed: 10544445668604114373

436 Crownlay the Shooter (level 7, -7/49 (52) HPs)
             Began as a Gnoll Wanderer on Jan 5, 2023.
             Mangled by a wight
             ... wielding a +4 short sword of freezing
              (11 damage)
             ... on level 4 of the Dungeon.
             The game lasted 00:07:44 (2573 turns).

Crownlay the Shooter (Gnoll Wanderer)               Turns: 2573, Time: 00:07:45

HP:   -7/49 (52)    AC:  4    Str:  7    XL:     7   Next: 1%
MP:   12/12         EV: 13    Int: 18    God:
Gold: 52            SH:  0    Dex: 17    Spells: 13/13 levels left

rFire   . . .      SeeInvis +    a - +2 sling
rCold   . . .      Faith    .    (no shield)
rNeg    . . .      Spirit   .    d - +0 robe
rPois   .          Reflect  .    (no helmet)
rElec   .          Harm     .    b - +0 cloak
rCorr   .          Rampage  .    t - +0 pair of gloves {infuse}
Will    .....                    (no boots)
Stlth   +++                      (no amulet)
HPRegen 0.28/turn                j - +6 ring of dexterity
MPRegen 0.13/turn                i - ring of see invisible

@: drained
A: fangs 1, strong nose, distributed training
a: no special abilities


You were on level 4 of the Dungeon.
You visited 1 branch of the dungeon, and saw 4 of its levels.

You collected 230 gold pieces.
You spent 178 gold pieces at shops.

Inventory:

Hand Weapons
 a - a +2 sling (weapon)
Armour
 b - a +0 cloak (worn)
 d - a +0 robe (worn)
 t - a +0 pair of gloves of infusion (worn)
Jewellery
 i - a ring of see invisible (right hand)
 j - a +6 ring of dexterity (left hand)
Scrolls
 c - 2 scrolls of blinking
 e - 2 scrolls of identify
 h - a scroll of immolation {unknown}
 k - a scroll of enchant armour {unknown}
 m - a scroll of teleportation {unknown}
 o - a scroll of silence {unknown}
 q - a scroll of magic mapping {unknown}
 u - a scroll of fear {unknown}
Potions
 f - 4 potions of curing
 l - 2 potions of attraction {unknown}
 n - a potion of brilliance {unknown}
 p - 2 potions of magic
 r - a potion of degeneration {unknown}
 s - a potion of mutation {unknown}
 w - a potion of haste


   Skills:
 + Level 3.5 Fighting
 + Level 2.3 Short Blades
 + Level 2.3 Long Blades
 + Level 2.3 Axes
 + Level 2.3 Maces & Flails
 + Level 2.3 Polearms
 + Level 2.3 Staves
 + Level 7.0 Ranged Weapons
 + Level 2.3 Throwing
 + Level 2.3 Armour
 + Level 3.5 Dodging
 + Level 3.3 Stealth
 + Level 2.3 Shields
 + Level 2.3 Unarmed Combat
 + Level 3.6 Spellcasting
 + Level 1.8 Conjurations
 + Level 1.8 Hexes
 + Level 1.8 Summonings
 + Level 4.2 Necromancy
 + Level 1.8 Translocations
 + Level 1.8 Transmutations
 + Level 1.8 Fire Magic
 + Level 1.8 Ice Magic
 + Level 1.8 Air Magic
 + Level 1.8 Earth Magic
 + Level 1.8 Poison Magic
 + Level 2.5 Invocations
 + Level 3.5 Evocations


You had 13 spell levels left.
You didn't know any spells.
Your spell library contained the following spells:

 Spells                   Type           Power      Damage    Failure   Level
 Sublimation of Blood     Necr           18%        N/A       4%          2
 Summon Small Mammal      Summ           40%        N/A       7%          1
 Cigotuvi's Dreadful Rot  Necr/Pois/Air  24%        N/A       8%          2
 Ensorcelled Hibernation  Hex/Ice        20%        N/A       11%         2
 Passwall                 Tmut/Erth      8%         N/A       11%         2
 Call Canine Familiar     Summ           10%        N/A       22%         3
 Summon Guardian Golem    Hex/Summ       10%        N/A       22%         3
 Swiftness                Air            10%        N/A       22%         3


Dungeon Overview and Level Annotations

Branches:
Dungeon (4/15)
 Temple: D:4-7

Altars:

Shops:
D:3 *?


Innate Abilities, Weirdness & Mutations

You have very sharp teeth.
Your uncanny sense of smell can sniff out nearby items.
Your experience applies equally to all skills.


Message History

You are too injured to fight recklessly!
You are too injured to fight recklessly!
You are too injured to fight recklessly!
Fire: a) +2 sling
Press: ? - help, Shift-Dir - straight line, f/p - wight
Aim: a wight, wielding a +4 short sword of freezing and wearing a +0 robe (almost destroyed, 64% to hit)
You shoot a sling bullet.
The sling bullet barely misses the wight.
The sling bullet hits the wight.
The wight is lightly damaged.
The wight misses you.
Fire: a) +2 sling
Press: ? - help, Shift-Dir - straight line, f/p - wight
Aim: a wight, wielding a +4 short sword of freezing and wearing a +0 robe (almost destroyed, 64% to hit)
You shoot a sling bullet.
The sling bullet closely misses the wight.
The sling bullet hits the wight but does no damage.
The wight is lightly damaged.
The wight misses you.
Fire: a) +2 sling
Press: ? - help, Shift-Dir - straight line, f/p - wight
Aim: a wight, wielding a +4 short sword of freezing and wearing a +0 robe (almost destroyed, 64% to hit)
You shoot a sling bullet.
The sling bullet completely misses the wight.
The sling bullet barely misses the wight.
The wight hits you with a +4 short sword of freezing!
* * * LOW HITPOINT WARNING * * *
You feel drained.
* * * LOW HITPOINT WARNING * * *
The wight freezes you.
* * * LOW HITPOINT WARNING * * *
Fire: a) +2 sling
Press: ? - help, Shift-Dir - straight line, f/p - wight
Aim: a wight, wielding a +4 short sword of freezing and wearing a +0 robe (severely damaged, 64% to hit)
You shoot a sling bullet.
The sling bullet barely misses the wight.
The sling bullet hits the wight.
The wight is moderately damaged.
The wight hits you with a +4 short sword of freezing!
You die...

####### #.....# ####
#.....# ## ...# #.....#
).
##.#######.....###.####.
................@zz.....
.....#####.....###.####.
.....#...####......#
.....#...# ##.######
.....#...# #.....#
######...###..#.##
).)...........#...
######...##...# ### ##
#...##........


You could see 2 wights.

Vanquished Creatures
  An ogre (D:4)
  A jelly (D:2)
  3 hounds
  An iguana (D:4)
  2 orc wizards (D:4)
  4 gnolls (D:4)
  4 adders
  12 orcs
  8 ball pythons
  9 bats
  2 endoplasms
  A giant cockroach (D:2)
  7 goblins
  5 hobgoblins
  7 jackals
  3 quokkas
  6 frilled lizards
  3 kobolds
  5 rats
84 creatures vanquished.

Notes
Turn   | Place    | Note
-------+----------+-------------------------------------------
     0 | D:1      | Crownlay the Gnoll Wanderer began the quest for the Orb.
     0 | D:1      | Crownlay set off with the following items: a +2 sling, a +0
                  | cloak, a scroll of blinking, a +0 robe; and the following
                  | spells available to memorise: Sublimation of Blood,
                  | Cigotuvi's Dreadful Rot.
     0 | D:1      | Reached XP level 1. HP: 17/17 MP: 4/4
   226 | D:1      | Reached XP level 2. HP: 23/23 MP: 5/5
   718 | D:2      | Reached XP level 3. HP: 26/28 MP: 7/7
   850 | D:2      | Reached skill level 1 in Invocations
  1032 | D:2      | Reached skill level 1 in Short Blades
  1032 | D:2      | Reached skill level 1 in Long Blades
  1032 | D:2      | Reached skill level 1 in Axes
  1032 | D:2      | Reached skill level 1 in Maces & Flails
  1032 | D:2      | Reached skill level 1 in Polearms
  1032 | D:2      | Reached skill level 1 in Staves
  1032 | D:2      | Reached skill level 1 in Throwing
  1032 | D:2      | Reached skill level 1 in Armour
  1032 | D:2      | Reached skill level 1 in Shields
  1032 | D:2      | Reached skill level 1 in Unarmed Combat
  1032 | D:2      | Reached XP level 4. HP: 34/34 MP: 8/8
  1417 | D:3      | Reached skill level 1 in Conjurations
  1417 | D:3      | Reached skill level 1 in Hexes
  1417 | D:3      | Reached skill level 1 in Summonings
  1417 | D:3      | Reached skill level 1 in Translocations
  1417 | D:3      | Reached skill level 1 in Transmutations
  1417 | D:3      | Reached skill level 1 in Fire Magic
  1417 | D:3      | Reached skill level 1 in Ice Magic
  1417 | D:3      | Reached skill level 1 in Air Magic
  1417 | D:3      | Reached skill level 1 in Earth Magic
  1417 | D:3      | Reached skill level 1 in Poison Magic
  1517 | D:3      | Found The Oracle's Delphic Readings.
  1523 | D:3      | Reached XP level 5. HP: 40/40 MP: 9/9
  1534 | D:3      | Bought a scroll of identify for 22 gold pieces
  1736 | D:3      | Found Neemiukh's General Store.
  1740 | D:3      | Bought a scroll of noise for 12 gold pieces
  1740 | D:3      | Bought a scroll of identify for 24 gold pieces
  1740 | D:3      | Bought a potion of haste for 120 gold pieces
  1984 | D:4      | Noticed an ogre
  2000 | D:4      | Killed an ogre
  2046 | D:4      | Reached XP level 6. HP: 20/47 MP: 9/11
  2063 | D:4      | HP: 2/47 [iguana (5)]
  2551 | D:4      | Reached skill level 7 in Ranged Weapons
  2551 | D:4      | Reached XP level 7. HP: 52/52 MP: 12/12
  2573 | D:4      | Mangled by a wight

Illustrated notes

Levels and vault maps discovered:
D:1:      beargit_arrival_diablo_church, layout_loops_ring, serial_bayou_pond_d
D:2:      layout_loops_ring
D:3:      layout_loops_ring, serial_shops, shop, nicolae_nh_oracle_at_delphi
D:4:      layout_basic, minmay_surrounded

Skill      XL: |  1  2  3  4  5  6 |
---------------+-------------------+-----
Invocations    | 1 2 |  2.5
Short Blades   | 1 2 |  2.3
Long Blades    | 1 2 |  2.3
Axes           | 1 2 |  2.3
Maces & Flails | 1 2 |  2.3
Polearms       | 1 2 |  2.3
Staves         | 1 2 |  2.3
Throwing       | 1 2 |  2.3
Armour         | 1 2 |  2.3
Shields        | 1 2 |  2.3
Unarmed Combat | 1 2 |  2.3
Spellcasting   | 3 |  3.6
Conjurations   | 1 |  1.8
Hexes          | 1 |  1.8
Summonings     | 1 |  1.8
Translocations | 1 |  1.8
Transmutations | 1 |  1.8
Fire Magic     | 1 |  1.8
Ice Magic      | 1 |  1.8
Air Magic      | 1 |  1.8
Earth Magic    | 1 |  1.8
Poison Magic   | 1 |  1.8
Fighting       | 3 |  3.5
Dodging        | 3 |  3.5
Necromancy     | 4 |  4.2
Evocations     | 3 |  3.5
Stealth        | 3 |  3.3
Ranged Weapons | 7 |  7.0

Action                   |  1- 3 |  4- 6 |  7- 9 || total
-------------------------+-------+-------+-------++-------
 Fire: Sling             |    80 |   207 |    14 ||   301
  Use: Scroll            |       |     3 |       ||     3
       Potion            |       |     3 |       ||     3
Armor: Robe              |    13 |    52 |       ||    65
Dodge: Dodged            |    22 |   139 |     3 ||   164

Table legend: (Time is in decaauts)
 A = Elapsed time spent in this place.
 B = Non-inter-level travel time spent in this place.
 C = Inter-level travel time spent in this place.
 D = Time resting spent in this place.
 E = Time spent auto-exploring this place.
 F = Levels seen in this place.
 G = Mean time per level.
                   A        B        C        D        E       F      G
               +--------+--------+--------+--------+--------+-----+--------+
         Total |   2592 |   2532 |     60 |      0 |   2026 |   4 |  648.0 |
       Dungeon |   2592 |   2532 |     60 |      0 |   2026 |   4 |  648.0 |
               +--------+--------+--------+--------+--------+-----+--------+

Top non-repeatable levels by time:
     D:1: 715 daAuts
     D:2: 690 daAuts
     D:4: 606 daAuts
     D:3: 581 daAuts
